 Dungeon Crawl Stone Soup version 0.26-a0-837-g5a8a614f01 (webtiles) character file.

Game seed: 12156105838926595727

1583 Peloso the Slasher (level 8, -4/70 HPs)
             Began as a Minotaur Fighter on Nov 18, 2020.
             Killed from afar by a starcursed mass (13 damage)
             ... with an accursed screaming
             ... on level 1 of the Abyss.
             The game lasted 00:13:29 (5936 turns).

Peloso the Slasher (Minotaur Fighter)               Turns: 5936, Time: 00:13:30

Health: -4/70      AC: 16    Str: 21    XL:     8   Next: 60%
Magic:  7/7        EV:  6    Int:  5    God:
Gold:   382        SH: 10    Dex: 12    Spells: 7/7 levels left

rFire    . . .     SeeInvis .   a - +0 long sword
rCold    . . .     Faith    .   c - +0 kite shield
rNeg     . . .     Spirit   .   x - +0 plate armour
rPois    .         Reflect  .   (helmet restricted)
rElec    .         Harm     .   s - +2 cloak
rCorr    .         Rampage  .   (no gloves)
MR       .....                  (no boots)
Stlth    ..........             (no amulet)
HPRegen  0.21/turn              (no ring)
MPRegen  0.10/turn              (no ring)

@: mighty
A: retaliatory headbutt, horns 2
a: no special abilities


You were on level 1 of the Abyss.
You visited 1 branch of the dungeon, and saw 6 of its levels.
You visited the Abyss 1 time.
You also visited: Sewer.

You collected 382 gold pieces.

Inventory:

Hand Weapons
 a - a +0 long sword (weapon)
Armour
 b - a +0 scale mail
 c - a +0 kite shield (worn)
 k - a +0 chain mail
 s - a +2 cloak (worn)
 x - a +0 plate armour (worn)
Wands
 t - a wand of acid (14)
 A - a wand of random effects (15)
Scrolls
 e - a scroll of fear {unknown}
 f - 5 scrolls of teleportation
 i - 3 scrolls of immolation
 n - 2 scrolls of fog {unknown}
 o - 3 scrolls of remove curse
 r - 3 scrolls of identify
 y - a scroll of blinking {unknown}
 z - a scroll of amnesia
 B - a scroll of noise {unknown}
Potions
 g - 2 potions of curing
 h - 2 potions of berserk rage
 j - a potion of ambrosia {unknown}
 l - 2 potions of mutation {unknown}
 m - a potion of lignification {unknown}
 p - 2 potions of flight
 q - a potion of heal wounds
 u - a potion of haste {unknown}
 v - a potion of cancellation
 w - a potion of magic {unknown}


   Skills:
 + Level 6.0 Fighting
 + Level 7.8 Long Blades
 + Level 7.5 Armour
 + Level 2.8 Dodging
 + Level 0.4 Stealth
 + Level 6.9 Shields


You had 7 spell levels left.
You didn't know any spells.
Your spell library contained the following spells:

 Spells                   Type           Power        Failure   Level
 Irradiate                Conj/Tmut      #.........   100%        5
 Hydra Form               Tmut           #.........   100%        6
 Statue Form              Tmut/Erth      #........    100%        6
 Dragon Form              Tmut           #.........   100%        7


Dungeon Overview and Level Annotations

Branches:
Dungeon (6/15)              Sewer (visited)
 Temple: D:4-7

Altars:
Dithmenos
Nemelex Xobeh
Ru
Xom
Yredelemnul

Shops:
D:6 (

Annotations:
D:6 Crazy Yiuf


Innate Abilities, Weirdness & Mutations

You reflexively headbutt those who attack you in melee.
You have a pair of horns on your head.


Message History

The small abomination is moderately damaged.
You block the small abomination's attack.
A starcursed mass splits.
The small abomination hits you!
* * * LOW HITPOINT WARNING * * *
You slash the small abomination!
The small abomination is severely damaged.
A starcursed mass splits.
The small abomination hits you.
* * * LOW HITPOINT WARNING * * *
A starcursed mass splits.
You closely miss the small abomination.
The small abomination is severely damaged.
The small abomination barely misses you.
You riposte.
You hit the small abomination.
The small abomination is almost destroyed.
A starcursed mass splits.
You block the small abomination's attack.
You hit the small abomination.
You destroy the small abomination!
A deafening chorus of shrieks assaults your mind!
You die...

####. ..#. .
.##..#...#.####
.##...
#.###..$# #....
#. .X.# .
#.#..##...X##.#
#....#.X.X...#
# ..# ..#...X#
.. . # ..
#.#..## #..
.##@..#.# .
...........##
#.#.#....###
#..#.## #.##.#.
#.# .. ## #. #.
# #.#. ##


You could see 5 starcursed masses.

Vanquished Creatures
  A chaos spawn (Abyss:1)
  A sky beast (D:6)
  A black bear (D:5)
  2 ogres
  A bullfrog (D:6)
  2 small abominations (Abyss:1)
  4 scorpions
  A howler monkey (D:6)
  5 hounds
  A centaur zombie (D:6)
  An orc priest (D:4)
  2 orc wizards (D:6)
  An iguana (D:5)
  Terence (D:3)
  4 worker ants
  4 gnolls (D:5)
  A howler monkey skeleton (D:4)
  8 adders
  2 shadow imps
  A white imp (D:5)
  8 oozes
  2 adder skeletons
  An adder zombie (D:4)
  9 worms
  5 dart slugs
  2 leopard geckos (Sewer)
  5 orcs
  6 giant cockroaches
  8 goblins
  6 hobgoblins
  20 jackals
  8 kobolds
  2 quokkas (D:4)
  3 ball pythons
  12 bats
  4 frilled lizards
  3 jackal skeletons
  A quokka skeleton (D:4)
  7 rats
  A spectral orc (D:4)
157 creatures vanquished.

Vanquished Creatures (others)
  A small abomination (Abyss:1)
1 creature vanquished.

Grand Total: 158 creatures vanquished

Notes
Turn   | Place    | Note
-------+----------+-------------------------------------------
     0 | D:1      | Peloso the Minotaur Fighter began the quest for the Orb.
     0 | D:1      | Reached XP level 1. HP: 19/19 MP: 0/0
    81 | D:1      | Reached XP level 2. HP: 17/27 MP: 1/1
   567 | D:1      | Reached XP level 3. HP: 33/33 MP: 2/2
   749 | D:2      | Found a faded altar of an unknown god.
   848 | D:2      | You fall into a shaft and drop 2 floors!
   913 | D:4      | Noticed a scorpion
   941 | D:4      | Found a sparkling altar of Nemelex Xobeh.
   944 | D:4      | Noticed an ogre
   974 | D:4      | Reached skill level 1 in Dodging
  1050 | D:4      | Reached XP level 4. HP: 28/40 MP: 3/3
  1301 | D:4      | Reached XP level 5. HP: 24/46 MP: 4/4
  1664 | D:3      | Found a shadowy altar of Dithmenos.
  1790 | D:3      | Noticed Terence
  1802 | D:3      | Killed Terence
  1890 | D:3      | Reached skill level 5 in Armour
  2525 | D:4      | HP: 2/47 [ogre/+0 giant spiked club (22)]
  2526 | D:4      | Killed an ogre
  2527 | D:4      | Reached skill level 5 in Shields
  2527 | D:4      | Reached XP level 6. HP: 3/53 MP: 5/5
  2892 | D:4      | Reached skill level 5 in Long Blades
  3245 | D:4      | Found a basalt altar of Yredelemnul.
  3355 | D:5      | Entered Level 5 of the Dungeon
  3451 | D:5      | Reached XP level 7. HP: 60/60 MP: 6/6
  3535 | D:5      | Found a glowing drain.
  3565 | Sewer    | Entered a sewer
  4332 | D:5      | Found a sacrificial altar of Ru.
  4431 | D:5      | Reached skill level 5 in Fighting
  4888 | D:5      | Found a shimmering altar of Xom.
  4994 | D:6      | Found Mept's Weapon Boutique.
  5020 | D:6      | Reached XP level 8. HP: 48/68 MP: 7/7
  5494 | D:6      | Found a runed translucent door.
  5495 | D:6      | Noticed Crazy Yiuf
  5721 | D:6      | Paralysed by Crazy Yiuf for 6 turns
  5724 | D:6      | Cast into level 1 of the Abyss (Crazy Yiuf)
  5786 | Abyss:1  | Killed a small abomination
  5798 | Abyss:1  | Noticed a starcursed mass
  5932 | Abyss:1  | Noticed a starcursed mass
  5936 | Abyss:1  | Killed from afar by a starcursed mass

Illustrated notes

Levels and vault maps discovered:
D:1:      dpeg_arrival_arbitrary_a, layout_basic
D:2:      layout_rooms, chequers_ecumenical_altar_island
D:3:      layout_loops_ring, nicolae_dithmenos_shadow_blocks, uniq_terence
D:4:      layout_loops_ring, nemelex_xobeh_ov_fountains_minmay,
          yredelemnul_forgotten_temple_becter, grunt_tough_drop
D:5:      layout_basic, marbit_many_paths, lemuel_coloured_pillars_altar,
          cheibrodos_sewer_entry_drain
D:6:      layout_gridville, serial_shops, shop, uniq_crazy_yiuf_cottage
Abyss:1:  base:
D:2

Skill      XL: |  1  2  3  4  5  6  7  8 |
---------------+-------------------------+-----
Shields        | 4 5 6 |  6.9
Armour         | 4 5 6 7 |  7.5
Fighting       | 4 5 6 |  6.0
Long Blades    | 3 4 5 7 |  7.8
Dodging        | 1 2 |  2.8
Stealth        | |  0.4

Action                   |  1- 3 |  4- 6 |  7- 9 || total
-------------------------+-------+-------+-------++-------
Melee: Long sword        |   101 |   162 |   213 ||   476
       Headbutt          |    22 |    40 |    49 ||   111
  Use: Potion            |     2 |       |     5 ||     7
       Scroll            |       |       |     9 ||     9
Armor: Scale mail        |    40 |     6 |       ||    46
       Chain mail        |       |    70 |   104 ||   174
       Plate armour      |       |       |    12 ||    12
Dodge: Dodged            |    28 |    47 |    65 ||   140
Block: Kite shield       |    66 |    85 |   126 ||   277
       Rpst.: Long sword |     9 |    19 |    16 ||    44

Table legend: (Time is in decaauts)
 A = Elapsed time spent in this place.
 B = Non-inter-level travel time spent in this place.
 C = Inter-level travel time spent in this place.
 D = Time resting spent in this place.
 E = Time spent auto-exploring this place.
 F = Levels seen in this place.
 G = Mean time per level.
                   A        B        C        D        E       F      G
               +--------+--------+--------+--------+--------+-----+--------+
         Total |   6201 |   5948 |    253 |    329 |   3925 |   8 |  775.1 |
       Dungeon |   5133 |   4880 |    253 |    329 |   3229 |   6 |  855.5 |
         Abyss |    213 |    213 |      0 |      0 |    139 |   1 |  213.0 |
         Sewer |    854 |    854 |      0 |      0 |    556 |   1 |  854.0 |
               +--------+--------+--------+--------+--------+-----+--------+

Top non-repeatable levels by time:
     D:4: 1371 daAuts
     D:5: 908 daAuts
   Sewer: 854 daAuts
     D:6: 797 daAuts
     D:3: 786 daAuts
     D:1: 753 daAuts
     D:2: 516 daAuts
 Abyss:1: 213 daAuts
